 Dungeon Crawl Stone Soup version 0.32-a0-540-g866d13106e (webtiles) character file.

Game seed: 4134339808501257275

146 Dittersdorf the Trooper (level 5, 0/33 HPs)
             Began as a Gargoyle Fighter on Feb 28, 2024.
             Slain by Grinder (1 damage)
             ... on level 3 of the Dungeon.
             The game lasted 00:01:47 (1765 turns).

Dittersdorf the Trooper (Gargoyle Fighter)          Turns: 1765, Time: 00:01:48

Health: 0/33       AC: 13    Str: 21    XL:     5   Next: 28%
Magic:  14/14      EV:  8    Int:  9    God:
Gold:   172        SH:  4    Dex:  9    Spells: 4/4 levels left

rFire   . . .        a - +0 flail
rCold   . . .        c - +0 buckler
rNeg    + . .        p - +0 chain mail
rPois   ∞            (no helmet)
rElec   +            (no cloak)
rCorr   .            (no gloves)
SInv    .            (no boots)
Will    .....        (no amulet) Stlth
                     e - ring of magical power
HPRegen 0.25/turn    (no ring)
MPRegen 0.14/turn

%: no passive effects
@: no status effects
A: sickness immunity, AC +4, negative energy resistance 1, electricity
resistance, torment resistance 1, petrification resistance
a: no special abilities


You were on level 3 of the Dungeon.
You visited 1 branch of the dungeon, and saw 3 of its levels.

You collected 172 gold pieces.

Inventory:

Hand Weapons
 a - a +0 flail (weapon)
Armour
 c - a +0 buckler (worn)
 n - a +0 plate armour
 p - a +0 chain mail (worn)
Jewellery
 e - a ring of magical power (left hand)
Scrolls
 f - a scroll of torment {unknown}
 h - a scroll of brand weapon {unknown}
 k - 3 scrolls of identify {unknown}
 l - a scroll of enchant weapon {unknown}
 m - a scroll of noise {unknown}
 o - a scroll of blinking {unknown}
Potions
 d - a potion of might
 g - a potion of curing {unknown}
 i - a potion of enlightenment {unknown}
 j - 2 potions of heal wounds {unknown}


   Skills:
 + Level 4.3 Fighting
 + Level 3.0 Maces & Flails
 + Level 4.2 Armour
 + Level 4.2 Shields


You had 4 spell levels left.
You didn't know any spells.
Your spell library was empty.

Dungeon Overview and Level Annotations

Branches:
Dungeon (3/15)

Altars:
Uskayaw

Annotations:
D:3 Grinder


Innate Abilities, Weirdness & Mutations

You are immune to sickness and miasma.
Your stone body is resilient. (AC +4)
You are immune to poison.
You resist negative energy. (rN+)
You are resistant to electric shocks. (rElec)
You are resistant to unholy torment.
You are immune to petrification.


Message History

You barely resist. You hit Grinder but do no damage.
Grinder is severely wounded.
Grinder blinks!
Grinder says, "Just stop there for a second..."
Grinder gestures at you.
You suddenly lose the ability to move!
Grinder gestures at you.
You barely resist.
You can move again.
Grinder grins, showing sharp teeth.
Grinder hits you but does no damage.
You barely miss Grinder.
Grinder is severely wounded.
You block Grinder's attack.
You closely miss Grinder.
Grinder is severely wounded.
Grinder gestures at you. Pain shoots through your body!
* * * LOW HITPOINT WARNING * * *
You closely miss Grinder.
Grinder is severely wounded.
You block Grinder's attack.
You hit Grinder.
Grinder is severely wounded.
Grinder gestures at you.
You suddenly lose the ability to move!
Grinder hits you but does no damage. Grinder hits you!
* * * LOW HITPOINT WARNING * * *
Grinder blinks!
You can move again.
Grinder blinks!
Grinder gestures at you. Pain shoots through your body!
* * * LOW HITPOINT WARNING * * *
Grinder hits you.
* * * LOW HITPOINT WARNING * * *
You writhe in agony.
You die...
Grinder says, "Hey, I wasn't done torturing you yet!"

#.# #.# ###### #.# #.#
#....# #.# #.# #....# #.#
#.# #....# ##.## #.#######
#....# #...# #.......#
#....# #...# #######.#
####....####...######...).#
..........5@................
.###.....#####.#######...###
#....## #.# ###.# #....# #.#
#.# #....# #.# .(# #....# .#
### #....# .# ### #.... ..
..#.# #. #.#.#


You could see Grinder.

Vanquished Creatures
  Natasha (thrice) (D:2)
  An adder (D:3)
  4 dart slugs
  5 ball pythons
  6 bats
  4 endoplasms
  8 hobgoblins (D:1)
  5 quokkas
  A frilled lizard (D:2)
  3 goblins
  8 kobolds
  5 rats
53 creatures vanquished.

Notes
Turn   | Place    | Note
-------+----------+-------------------------------------------
     0 | D:1      | Dittersdorf the Gargoyle Fighter began the quest for the
                  | Orb.
     0 | D:1      | Reached XP level 1. HP: 14/14 MP: 1/1
   146 | D:1      | Reached XP level 2. HP: 8/19 MP: 2/2
   398 | D:1      | Reached XP level 3. HP: 24/24 MP: 3/3
   767 | D:2      | Found a hide-covered altar of Uskayaw.
   767 | D:2      | Noticed Natasha
   773 | D:2      | Killed Natasha
   774 | D:2      | Reached XP level 4. HP: 29/29 MP: 4/4
   981 | D:2      | Noticed Natasha
   991 | D:2      | Killed Natasha
  1078 | D:2      | Noticed Natasha
  1086 | D:2      | Killed Natasha
  1087 | D:2      | Reached XP level 5. HP: 33/33 MP: 5/5
  1726 | D:3      | Noticed Grinder
  1745 | D:3      | Paralysed by Grinder for 2 turns
  1752 | D:3      | Paralysed by Grinder for 3 turns
  1753 | D:3      | HP: 1/33 [Grinder (7)]
  1765 | D:3      | HP: 1/33 [Grinder (2)]
  1765 | D:3      | Slain by Grinder

Illustrated notes

Levels and vault maps discovered:
D:1:      lightli_arrival_maybe_door_vault, layout_basic
D:2:      layout_loops_cross, basic_altar, uniq_natasha
D:3:      layout_basic, patterned_corridor, uniq_grinder

Skill      XL: |  1  2  3  4 |
---------------+-------------+-----
Fighting       | 4 |  4.3
Armour         | 4 |  4.2
Shields        | 4 |  4.2
Maces & Flails | 3 |  3.0

Action                     |  1- 3 |  4- 6 || total
---------------------------+-------+-------++-------
  Melee: Flail             |   104 |    98 ||   202
 Armour: Scale mail        |    81 |    71 ||   152
         Chain mail        |       |    36 ||    36
  Dodge: Dodged            |    66 |    32 ||    98
  Block: Buckler           |    22 |    16 ||    38

Table legend: (Time is in decaauts)
 A = Elapsed time spent in this place.
 B = Non-inter-level travel time spent in this place.
 C = Inter-level travel time spent in this place.
 D = Time resting spent in this place.
 E = Time spent auto-exploring this place.
 F = Levels seen in this place.
 G = Mean time per level.
                   A        B        C        D        E       F      G
               +--------+--------+--------+--------+--------+-----+--------+
         Total |   1834 |   1729 |    105 |     58 |   1210 |   3 |  611.3 |
       Dungeon |   1834 |   1729 |    105 |     58 |   1210 |   3 |  611.3 |
               +--------+--------+--------+--------+--------+-----+--------+

Top non-repeatable levels by time:
     D:1: 825 daAuts
     D:2: 692 daAuts
     D:3: 315 daAuts
